 Dungeon Crawl Stone Soup version 0.24.0-123-gd5b16e6ec5 (webtiles) character file.

Game seed: 17610819100940101195, levelgen mode: deterministic

564 Bombadil the Stinger (level 7, -3/87 HPs)
             Began as a Naga Venom Mage on Feb 10, 2020.
             Was a Believer of Sif Muna.
             Slain by an ice beast (7 damage)
             ... on level 4 of the Dungeon.
             The game lasted 00:13:58 (4168 turns).

Bombadil the Stinger (Naga Venom Mage)              Turns: 4168, Time: 00:13:59

Health: -3/87      AC:  6    Str: 16    XL:     7   Next: 32%
Magic:  13/13      EV: 10    Int: 17    God:    Sif Muna [**....]
Gold:   213        SH:  0    Dex: 11    Spells: 4/14 levels left

rFire    . . .     SeeInvis +   a - +2 dagger (venom)
rCold    . . .     Gourm    .   (no shield)
rNeg     . . .     Faith    +   k - +0 robe
rPois    +         Spirit   .   m - +0 helmet
rElec    .         Reflect  .   q - +0 cloak
rCorr    .         Harm     .   C - +0 pair of gloves
MR       .....                  (no barding)
Stlth    ..........             i - amulet of faith
HPRegen  0.24/turn              (no ring)
MPRegen  0.13/turn              (no ring)

@: berserking, quick
A: large, see invisible, deformed body, poison resistance, slowness 2, slow
metabolism 1, spit poison 1, AC +2
a: Spit Poison, Channel Magic, Renounce Religion


You were on level 4 of the Dungeon.
You worshipped Sif Muna.
Sif Muna was pleased with you.
You were not hungry.

You visited 1 branch of the dungeon, and saw 5 of its levels.

You collected 213 gold pieces.

Inventory:

Hand Weapons
 a - a +2 dagger of venom (weapon)
 b - a +4 quarterstaff of chaos
Missiles
 y - a throwing net (quivered)
Armour
 k - a +0 robe (worn)
 m - a +0 helmet (worn)
 q - a +0 cloak (worn)
 C - a +0 pair of gloves (worn)
Jewellery
 i - an amulet of faith (around neck)
 v - an uncursed ring of wizardry {unknown}
Wands
 s - a wand of flame (7)
 u - a wand of enslavement (7)
Scrolls
 d - 2 scrolls of remove curse {unknown}
 e - 6 scrolls of identify {unknown}
 h - a scroll of immolation {unknown}
 j - a scroll of enchant armour {unknown}
 l - a scroll of noise {unknown}
 n - 3 scrolls of teleportation {unknown}
 r - 3 scrolls of magic mapping {unknown}
 t - a scroll of fear {unknown}
 w - a scroll of fog {unknown}
 x - a scroll of random uselessness {unknown}
Potions
 f - a potion of flight {unknown}
 o - a potion of curing {unknown}
 p - a potion of lignification {unknown}
 z - a potion of agility {unknown}
 A - a potion of degeneration {unknown}
Comestibles
 c - 7 rations


   Skills:
 + Level 1.6 Fighting
 + Level 1.3 Short Blades
 + Level 2.1 Dodging
 + Level 3.8 Stealth
 + Level 4.1 Spellcasting
 + Level 1.4 Conjurations
 + Level 1.7 Air Magic
 + Level 7.3 Poison Magic


You had 4 spell levels left.
You knew the following spells:

 Your Spells              Type           Power        Failure   Level  Hunger
a - Sting                 Conj/Pois      ###.         2%          1    None
b - Poisonous Vapours     Pois/Air       ###...       3%          2    ##.....
c - Mephitic Cloud        Conj/Pois/Air  ###.....     11%         3    ###....
d - Olgreb's Toxic Radia  Pois           ####....     8%          4    ####...

Your spell library contained the following spells:

 Spells                   Type           Power        Failure   Level  Hunger
 Venom Bolt               Conj/Pois      ###.......   56%         5    ######.


Dungeon Overview and Level Annotations

Branches:
Dungeon (5/15)
 Temple: D:4-7

Altars:
Dithmenos
Gozag
Makhleb
Sif Muna
The Shining One

Shops:
D:5 [

Annotations:
D:3 1 runed translucent door, sneaky's ghost, amateur MiFi
D:5 Eustachio


Innate Abilities, Weirdness & Mutations

You cannot wear boots.
Your serpentine skin is tough. (AC +2)
You have supernaturally acute eyesight. (SInv)
Armour fits poorly on your strangely shaped body.
Your system is resistant to poisons. (rPois)
You cover ground very slowly.
You have a slow metabolism.
You can spit poison.


Message History

Eustachio blinks!
The ogre misses you. The sky beast barely misses you.
The ice beast completely misses you.
You climb upwards.
There is a stone staircase leading down here.
Unknown command.
Unknown command.
The ice beast hits you but does no damage.
The ogre hits you with a +0 giant club!!
* * * LOW HITPOINT WARNING * * *
The sky beast misses you.
Unknown command.
Okay, then.
Unknown command.
Unknown command.
It was a potion of berserk rage.
A red film seems to cover your vision as you go berserk!
You feel yourself moving faster!
You feel mighty! The ice beast hits you.
* * * LOW HITPOINT WARNING * * *
The ice beast freezes you!
You die...

...[.......# ##.....#........#
.........##########..##........#
####...........##....##........#
#...#...#####....#..###########
##.#####.### #..#.....# ...#
##...###.###..#.# .###
#........##....(### ##
###.#####.....##....## #...#
##.Y@.##.....### ### #.###
#..YO..####....## #.. #.#
#.>..#..####....###..
###.#######....##..####.#..##..
##...#..........###..###........
#......#####....# ##.##.....##..
##>.##### #....# #.#..###..#..
...## ###### ##.#.## ##..## ...#
#####...<# ##.##


You could see an ice beast, a sky beast and an ogre.

Vanquished Creatures
  A sky beast (D:2)
  Crazy Yiuf (D:2)
  A centaur skeleton (D:4)
  A hound (D:4)
  2 orc wizards
  Jessica (D:3)
  Terence (D:3)
  An iguana (D:4)
  2 worker ants (D:4)
  Robin (D:3)
  4 adders
  3 gnolls (D:4)
  2 worms (D:2)
  2 dart slugs
  6 leopard geckos
  11 orcs
  A ball python (D:2)
  5 giant cockroaches
  17 goblins
  7 hobgoblins
  6 jackals
  A quokka (D:4)
  3 bats
  A frilled lizard (D:1)
  6 kobolds
  7 rats
94 creatures vanquished.

Vanquished Creatures (collateral kills)
  A hound (D:5)
  2 orcs (D:5)
  A giant cockroach (D:5)
4 creatures vanquished.

Grand Total: 98 creatures vanquished

Notes
Turn   | Place    | Note
-------+----------+-------------------------------------------
     0 | D:1      | Bombadil the Naga Venom Mage began the quest for the Orb.
     0 | D:1      | Reached XP level 1. HP: 15/15 MP: 3/3
   101 | D:1      | Reached XP level 2. HP: 22/22 MP: 0/5
   127 | D:1      | Learned a level 2 spell: Poisonous Vapours
   656 | D:2      | Reached skill level 5 in Poison Magic
   722 | D:2      | Found a runed translucent door.
   723 | D:2      | Noticed Crazy Yiuf
   796 | D:2      | Reached XP level 3. HP: 28/28 MP: 1/6
   849 | D:2      | Learned a level 3 spell: Mephitic Cloud
   869 | D:2      | Killed Crazy Yiuf
   950 | D:3      | Reached XP level 4. HP: 35/36 MP: 4/7
   951 | D:3      | Noticed a sky beast
   973 | D:2      | Killed a sky beast
   973 | D:2      | Reached skill level 1 in Air Magic
   973 | D:2      | Reached skill level 6 in Poison Magic
   973 | D:2      | Reached XP level 5. HP: 14/42 MP: 1/9
  1051 | D:2      | Learned a level 4 spell: Olgreb's Toxic Radiance
  1257 | D:3      | Noticed Terence
  1272 | D:3      | Killed Terence
  1508 | D:4      | Reached XP level 6. HP: 49/49 MP: 2/11
  1583 | D:4      | Found a glowing golden altar of the Shining One.
  1943 | D:4      | Found an opulent altar of Gozag.
  1958 | D:4      | Reached skill level 1 in Fighting
  2127 | D:4      | Noticed an ice beast
  2149 | D:4      | Found a shimmering blue altar of Sif Muna.
  2158 | D:4      | Became a worshipper of Sif Muna the Loreminder
  2433 | D:2      | Found a shadowy altar of Dithmenos.
  2899 | D:3      | Found a runed translucent door.
  2900 | D:3      | Noticed sneaky's ghost (amateur MiFi)
  2909 | D:3      | Noticed Jessica
  2910 | D:3      | Killed Jessica
  2910 | D:3      | Reached * piety under Sif Muna
  2910 | D:3      | Reached skill level 1 in Short Blades
  2917 | D:3      | Reached XP level 7. HP: 57/57 MP: 6/12
  3021 | D:3      | Found a faded altar of an unknown god.
  3318 | D:3      | Found a burning altar of Makhleb.
  3318 | D:3      | Noticed Robin
  3321 | D:3      | Reached skill level 7 in Poison Magic
  3326 | D:3      | Killed Robin
  3579 | D:5      | Entered Level 5 of the Dungeon
  3634 | D:5      | HP: 2/57 [orc wizard/magic dart (9)]
  3937 | D:5      | Found Dupoem's Antique Armour Emporium.
  4067 | D:4      | Reached ** piety under Sif Muna
  4163 | D:5      | Noticed Eustachio
  4168 | D:4      | HP: 4/87 [ice beast (2)]
  4168 | D:4      | Slain by an ice beast

Levels and vault maps discovered:
D:1:      tarquinn_simple_flora_water_b, layout_rooms
D:2:      layout_basic, lemuel_crystal_altar, kennysheep_cluttered_room,
          uniq_crazy_yiuf_cottage
D:3:      layout_loops_cross, lightli_temple_of_fire,
          chequers_ecumenical_altar_lobes, ebering_ghost_reflecting_pool,
          uniq_jessica, uniq_robin, uniq_terence
D:4:      layout_rooms, nicolae_gozag_seed_capital, tso_altar,
          old_standard_altar, first_ration
D:5:      cheibrodos_fzero, layout_basic, serial_shops, shop, shop,
          serial_bayou_lake_a, uniq_eustachio, uniq_pikel, uniq_grinder,
          uniq_sigmund

Skill      XL: |  1  2  3  4  5  6  7 |
---------------+----------------------+-----
Poison Magic   | 5 6 7 |  7.3
Spellcasting   | 3 4 |  4.1
Air Magic      | 1 |  1.7
Dodging        | 2 |  2.1
Fighting       | 1 |  1.6
Short Blades   | 1 |  1.3
Stealth        | |  3.8
Conjurations   | |  1.4

Action                   |  1- 3 |  4- 6 |  7- 9 || total
-------------------------+-------+-------+-------++-------
Melee: Dagger            |     2 |    61 |     2 ||    65
 Cast: Sting             |    24 |     2 |       ||    26
       Poisonous Vapours |     8 |    31 |     5 ||    44
       Mephitic Cloud    |     1 |       |       ||     1
       Olgreb's Toxic Ra |       |     7 |     4 ||    11
 Abil: Spit Poison       |     1 |     2 |     1 ||     4
Evoke: Wand              |       |       |     2 ||     2
  Use: Potion            |       |       |     1 ||     1
 Stab: Sleeping          |       |     2 |       ||     2
  Eat: Chunk             |     1 |     8 |     4 ||    13
Armor: Robe              |     1 |    19 |     7 ||    27
Dodge: Dodged            |     2 |    44 |    14 ||    60
